 Dungeon Crawl Stone Soup version 0.22.0-18-ge075c0d (webtiles) character file.

8337 sw3dish the Grappler (level 11, -3/107 HPs)
             Began as a Troll Abyssal Knight on Aug 18, 2018.
             Was a High Priest of Lugonu.
             Slain by a wolf (11 damage)
             ... on level 1 of the Lair of Beasts.
             The game lasted 00:19:35 (9358 turns).

sw3dish the Grappler (Troll Abyssal Knight)         Turns: 9358, Time: 00:19:35

Health: -3/107     AC:  7    Str: 22    XL:     11   Next: 8%
Magic:  13/17      EV: 10    Int:  8    God:    Lugonu [*****.]
Gold:   614        SH:  0    Dex: 18    Spells: 10/10 levels left

rFire    + + .     SeeInvis +     - Unarmed
rCold    + . .     Gourm    +   (no shield)
rNeg     . . .     Faith    .   E - +2 robe {rF+}
rPois    .         Spirit   .   (helmet restricted)
rElec    .         Reflect  .   D - scarf {rC+ rF+}
rCorr    .         Harm     .   (gloves unavailable)
MR       .....                  (boots unavailable)
Stlth    ++........             (no amulet)
HPRegen  0.67/turn              f - ring of see invisible
MPRegen  0.15/turn              g - +6 ring of dexterity

@: no status effects
A: large, unfitting armour, claws 3, fast metabolism 3, gourmand, regeneration
1, shaggy fur 1, tough skin 2
a: Depart the Abyss, Bend Space, Banish, Corrupt, Enter the Abyss, Renounce
Religion


You were on level 1 of the Lair of Beasts.
You worshipped Lugonu.
Lugonu was extremely pleased with you.
You were very full.

You visited 3 branches of the dungeon, and saw 13 of its levels.
You visited the Abyss 1 time.
You also visited: Sewer.

You collected 614 gold pieces.

Inventory:

Armour
 D - a scarf of resistance (worn)
 E - a +2 robe of fire resistance (worn)
Jewellery
 f - a ring of see invisible (left claw)
 g - a +6 ring of dexterity (right claw)
 j - an uncursed ring of flight
 K - an uncursed ring of protection from magic {unknown}
 L - a +6 ring of strength {unknown}
Wands
 o - a wand of scattershot (4)
 t - a wand of enslavement (17)
 u - a wand of digging (12)
 M - a wand of random effects (15)
Scrolls
 c - 5 scrolls of teleportation
 i - 4 scrolls of remove curse
 n - 5 scrolls of fear
 s - 8 scrolls of identify
 w - a scroll of enchant weapon {unknown}
 x - 2 scrolls of enchant armour {unknown}
 y - 7 scrolls of fog
 z - 2 scrolls of magic mapping {unknown}
 C - a scroll of immolation {unknown}
 G - a scroll of random uselessness {unknown}
 H - a scroll of blinking {unknown}
 J - a scroll of amnesia {unknown}
Potions
 a - a potion of lignification {unknown}
 d - 3 potions of curing
 e - 3 potions of cancellation {unknown}
 h - 2 potions of mutation {unknown}
 k - 2 potions of flight {unknown}
 l - 4 potions of brilliance
 m - 2 potions of ambrosia {unknown}
 p - 3 potions of heal wounds
 q - 4 potions of haste
 r - 4 potions of magic {unknown}
 v - 2 potions of berserk rage {unknown}
 A - 2 potions of might {unknown}
 B - a potion of invisibility {unknown}
 F - a potion of degeneration {unknown}
Comestibles
 b - 21 rations
 I - 3 chunks of flesh


   Skills:
 + Level 6.9 Fighting
 - Level 1.9 Dodging
 + Level 11.0 Unarmed Combat
 * Level 10.1 Invocations


You had 10 spell levels left.
You didn't know any spells.
Your spell library contained the following spells:

 Spells                   Type           Power        Failure   Level  Hunger
 Corona                   Hex            #......      41%         1    ##.....
 Magic Dart               Conj           #...         41%         1    ##.....
 Blink                    Tloc           N/A          54%         2    ###....
 Call Imp                 Summ           #.......     54%         2    ###....
 Ensorcelled Hibernation  Hex/Ice        #.....       54%         2    ###....
 Slow                     Hex            #.......     54%         2    ###....
 Confuse                  Hex            #.......     78%         3    ####...
 Conjure Flame            Conj/Fire      #.......     78%         3    ####...
 Dazzling Spray           Conj/Hex       #.....       78%         3    ####...
 Mephitic Cloud           Conj/Pois/Air  #.......     78%         3    ####...
 Tukima's Dance           Hex            #.......     78%         3    ####...


Dungeon Overview and Level Annotations

Branches:
Dungeon (11/15)            Temple (1/1) D:4            Lair (1/6) D:8
    Orc (0/2) D:10

Altars:
Cheibriados
Elyvilon
Fedhas
Makhleb
Nemelex Xobeh
Qazlal
Ru
Sif Muna
Trog
Wu Jian
Xom
Yredelemnul
Zin

Shops:
D:4 (   D:5 *:[}   D:6 *   D:7 :

Portals:
Volcano: Lair:1

Annotations:
D:6 2 transporters, 1 runed door, Delreyn's ghost, amateur KoVM
Abyss:1 Blork the orc; Harold; Joseph


Innate Abilities, Weirdness & Mutations

You are too large for most types of armour.
You have claws for hands.
Your metabolism is lightning-fast.
You like to eat raw meat.
Your natural rate of healing is unusually fast.
You are covered in fur. (AC +1)
You have very tough skin. (AC +2)


Message History

The wolf pauses to sniff the ground.
The wolf closely misses you. The wolf bites you.
* * * LOW HITPOINT WARNING * * *
Some of the chunks of flesh in your inventory have rotted away.
Space bends around you!
You blink.
The wolf howls!
You hear a howl! x3
The wolf bites you but does no damage. The wolf bites you.
* * * LOW HITPOINT WARNING * * *
You hear a howl!
The water moccasin hisses angrily.
Space bends sharply around you!
You blink.
You hear the slow rumble of an avalanche of rocks nearby.
The wolf howls! x3; The black mamba hisses angrily.
Space bends sharply around you!
The water moccasin blinks!
You blink.
Space bends around you!
You blink.
The wolf pauses to sniff the ground.
The wolf bites you.
* * * LOW HITPOINT WARNING * * *
The wolf bites you!
You die...

#.......#.#.....###....P...####
##...... # #....)####...P....#.#
##P.....#####.....P####..........
.........#.##......##............
.............#...#...............
...........#..........h..........
..........#.....§...≈............
................h...h§#..........
.........>......@.#§.≈#..#.......
..........###..Sh.≈≈...#≈.#§≈....
#......######.S.h.§.≈#.∩#§≈...##.
#.........##P.......≈≈#...§.... .
####......#P......#..#.§..#....
#......##.........≈≈h.(#
#...........h%.§.≈.#....
.........FS......#.... #
.....................


You could see a black mamba, a spiny frog, 2 water moccasins and 7 wolves.

Vanquished Creatures
  Pikel (D:6)
  2 trolls
  A hornet (D:10)
  2 hungry ghosts
  A steam dragon (D:9)
  3 wargs (D:10)
  3 water moccasins
  5 orc warriors
  3 phantoms
  A sky beast (D:9)
  An ice beast (D:6)
  A wolf (D:10)
  5 ogres
  3 centaurs
  4 bullfrogs
  2 big kobolds
  3 gnoll sergeants (D:10)
  A wyvern zombie (D:10)
  3 scorpions
  5 killer bees (D:9)
  14 wights
  A crimson imp (D:5)
  A centaur zombie (D:5)
  9 hounds
  A bullfrog zombie (D:10)
  3 jellies
  7 orc priests
  A bullfrog skeleton (D:4)
  2 centaur skeletons
  6 orc wizards
  2 gnoll shamans (D:10)
  4 iguanas
  3 worker ants
  A hound skeleton (D:4)
  14 gnolls
  7 river rats
  16 adders
  3 shadow imps
  An ooze (D:3)
  An adder zombie (D:9)
  An adder skeleton (D:4)
  3 worms
  2 dart slugs
  A leopard gecko (D:2)
  55 orcs
  5 bats
  5 giant cockroaches
  6 goblins
  9 hobgoblins
  16 jackals
  2 quokkas (D:5)
  12 ball pythons
  7 frilled lizards
  2 jackal skeletons (D:4)
  21 kobolds
  29 rats
323 creatures vanquished.

Vanquished Creatures (others)
  A two-headed ogre (D:8)
  A hornet (D:10)
  A soldier ant (D:10)
  An ogre (D:5)
  A hound (D:5)
5 creatures vanquished.

Grand Total: 328 creatures vanquished

Notes
Turn   | Place    | Note
-------+----------+-------------------------------------------
     0 | Abyss:1  | sw3dish the Troll Abyssal Knight began the quest for the Orb.
     0 | Abyss:1  | Reached XP level 1. HP: 22/22 MP: 1/1
    38 | Abyss:1  | Noticed a tentacled starspawn
    49 | D:1      | Escaped the Abyss
   122 | D:1      | Reached * piety under Lugonu
   150 | D:1      | Reached XP level 2. HP: 29/29 MP: 2/2
   400 | D:1      | Found a sparkling altar of Nemelex Xobeh.
   624 | D:1      | Reached XP level 3. HP: 36/36 MP: 3/3
  1411 | D:3      | Reached skill level 3 in Unarmed Combat
  1429 | D:3      | Reached ** piety under Lugonu
  1611 | D:3      | Reached XP level 4. HP: 38/44 MP: 3/5
  2057 | D:4      | Noticed an ogre
  2067 | D:4      | Killed an ogre
  2067 | D:4      | Reached XP level 5. HP: 50/53 MP: 6/6
  2083 | D:4      | Reached skill level 4 in Unarmed Combat
  2089 | D:4      | Reached XP level 6. HP: 24/61 MP: 7/7
  2440 | D:4      | Noticed a hungry ghost
  2454 | D:4      | Killed a hungry ghost
  2460 | D:4      | Reached skill level 5 in Unarmed Combat
  2460 | D:4      | Reached XP level 7. HP: 57/68 MP: 7/9
  2484 | D:4      | Found a staircase to the Ecumenical Temple.
  2528 | D:4      | Found Zinizxao's Antique Weapon Emporium.
  2586 | D:4      | Reached *** piety under Lugonu
  2623 | D:4      | Found a burning altar of Makhleb.
  2623 | D:4      | Found a glowing silver altar of Zin.
  2872 | D:5      | Entered Level 5 of the Dungeon
  2872 | D:5      | Found a bloodstained altar of Trog.
  2937 | D:5      | Reached skill level 5 in Invocations
  2955 | D:5      | Found Quutu's Armour Shoppe.
  2991 | D:5      | Found a glowing drain.
  3000 | Sewer    | Entered a sewer
  3197 | Sewer    | Reached **** piety under Lugonu
  3306 | Sewer    | Reached skill level 6 in Unarmed Combat
  3313 | Sewer    | Reached XP level 8. HP: 26/78 MP: 9/11
  3483 | D:5      | Found Comi Ufa's Book Shop.
  3679 | D:5      | Found Fixkuf's Gadget Emporium.
  3782 | D:5      | Found Tufistri's Assorted Antiques.
  3842 | D:5      | Reached skill level 7 in Unarmed Combat
  3872 | D:5      | Found a deep blue altar of Sif Muna.
  4347 | Temple   | Entered the Ecumenical Temple
  4445 | D:6      | Found a shimmering altar of Xom.
  4453 | D:6      | You fall through a shaft for 2 floors!
  4693 | D:7      | Found Sistrypod's Book Emporium.
  4761 | D:7      | Reached skill level 5 in Fighting
  4761 | D:7      | Reached XP level 9. HP: 50/88 MP: 13/13
  4851 | D:7      | Found a snail-covered altar of Cheibriados.
  4942 | D:6      | Found a transporter.
  4944 | D:6      | Noticed Blork the orc
  4945 | D:6      | Banished Blork the orc
  5002 | D:6      | Reached skill level 8 in Unarmed Combat
  5059 | D:6      | Found a transporter.
  5168 | D:6      | Found a sparkling altar of Nemelex Xobeh.
  5319 | D:6      | Found a runed door.
  5320 | D:6      | Noticed Delreyn's ghost (amateur KoVM)
  5404 | D:6      | Found Oshizuf's Assorted Antiques.
  5579 | D:6      | Noticed Pikel
  5583 | D:6      | Killed Pikel
  6170 | D:7      | Found a white marble altar of Elyvilon.
  6255 | D:8      | Reached skill level 9 in Unarmed Combat
  6738 | D:8      | Noticed a two-headed ogre
  6740 | D:8      | Banished a two-headed ogre
  6740 | D:8      | Reached XP level 10. HP: 37/98 MP: 15/15
  6850 | D:8      | Found a staircase to the Lair.
  7315 | D:9      | Found an ornate altar of the Wu Jian Council.
  7384 | D:9      | Noticed Harold
  7385 | D:9      | Banished Harold
  7385 | D:9      | Reached skill level 10 in Unarmed Combat
  7458 | D:9      | Found a stormy altar of Qazlal.
  7675 | D:9      | Noticed an unseen horror
  7694 | D:9      | Found a blossoming altar of Fedhas.
  7716 | D:10     | Entered Level 10 of the Dungeon
  8169 | D:10     | Noticed Joseph
  8181 | D:10     | Banished Joseph
  8429 | D:10     | Reached ***** piety under Lugonu
  8665 | D:10     | Found a staircase to the Orcish Mines.
  8711 | D:10     | Reached skill level 10 in Invocations
  8762 | D:10     | Reached XP level 11. HP: 101/107 MP: 17/17
  8874 | D:10     | Paralysed by a hornet for 3 turns
  8881 | D:10     | Paralysed by a hornet for 2 turns
  8885 | D:10     | Paralysed by a hornet for 2 turns
  9081 | D:10     | Reached skill level 11 in Unarmed Combat
  9253 | Lair:1   | Entered Level 1 of the Lair of Beasts
  9326 | Lair:1   | Found a dark tunnel.
  9358 | Lair:1   | Slain by a wolf

Skill      XL: |  1  2  3  4  5  6  7  8  9 10 11 |
---------------+----------------------------------+-----
Invocations    | 2 3 4 5 6 8 10 | 10.1
Unarmed Combat | 3 4 5 6 7 9 10 11 | 11.0
Fighting       | 3 4 5 6 |  6.9
Dodging        | |  1.9

Action                   |  1- 3 |  4- 6 |  7- 9 | 10-12 || total
-------------------------+-------+-------+-------+-------++-------
Melee: Unarmed           |   117 |    89 |   463 |   290 ||   959
       Punch             |     1 |       |    11 |    22 ||    34
Invok: Depart the Abyss  |     1 |       |       |       ||     1
       Banish            |       |       |     4 |     6 ||    10
       Bend Space        |       |       |     2 |    15 ||    17
  Use: Scroll            |       |       |     9 |     1 ||    10
       Potion            |       |       |     1 |     1 ||     2
 Stab: Sleeping          |       |     1 |     5 |       ||     6
       Distracted        |       |       |       |     1 ||     1
  Eat: Chunk             |    20 |     8 |    54 |    30 ||   112
       Ration            |       |       |     1 |       ||     1
Armor: Robe              |    49 |    22 |   142 |   127 ||   340
Dodge: Dodged            |    58 |    62 |   229 |   214 ||   563
